 Dungeon Crawl Stone Soup version 0.31-a0-1376-g36f0627844 (webtiles) character file.

Game seed: 11038274776296903282

56 Morrissey the Ruffian (level 3, -4/48 HPs)
             Began as a Naga Shapeshifter on Dec 24, 2023.
             Slain by Crazy Yiuf
             ... wielding a +4 quarterstaff of chaos
              (9 damage)
             ... on level 2 of the Dungeon.
             The game lasted 00:06:09 (1899 turns).

Morrissey the Ruffian (Naga Shapeshifter)           Turns: 1899, Time: 00:06:10

Health: -4/48      AC: 17    Str: 16    XL:     3   Next: 97%
Magic:  3/3        EV:  1    Int: 10    God:
Gold:   49         SH:  0    Dex: 12    Spells: 2/2 levels left

rFire   . .          .
                       - Unarmed
rCold   . . .        (no shield)
rNeg    . . .        a - melded +0 animal skin
rPois   +            (helmet currently unavailable)
rElec   .            (cloak currently unavailable)
rCorr   .            (gloves currently unavailable)
SInv    +            (no barding)
Will    .....        (no amulet)
Stlth   ++           (no ring)
HPRegen 0.28/turn    (no ring)
MPRegen 0.08/turn

%: no passive effects
@: short of breath, tree-form, corroded
A: stationary, stasis, torment immunity, boosted hp, AC +1, large, see
invisible, (deformed body), (poison resistance), (slowness 2), spit poison 1,
(naga tail 1)
a: Spit Poison


You were on level 2 of the Dungeon.
You were a tree.
You visited 1 branch of the dungeon, and saw 2 of its levels.

You collected 49 gold pieces.

Inventory:

Missiles
 e - 4 boomerangs
Armour
 a - a +0 animal skin (melded)
 n - a +2 pair of gloves
Jewellery
 q - a ring of ice
Talismans
 c - a beast talisman (active)
 d - a flux talisman
 k - a beast talisman (active)
Scrolls
 f - a scroll of teleportation {unknown}
 g - a scroll of identify {unknown}
 h - 3 scrolls of revelation {unknown}
 i - 2 scrolls of fog {unknown}
 o - a scroll of poison {unknown}
Potions
 b - 2 potions of lignification
 j - 2 potions of haste {unknown}
 l - 2 potions of mutation {unknown}
 m - a potion of enlightenment {unknown}
 p - a potion of brilliance {unknown}


   Skills:
 + Level 1.7 Fighting
 + Level 2.0 Dodging
 + Level 2.0 Stealth
 * Level 3.7 Unarmed Combat
 - Level 3.2 Shapeshifting


You had 2 spell levels left.
You didn't know any spells.
Your spell library contained the following spells:

 Spells                   Type           Power      Damage    Failure   Level
 Sandblast                Erth           0%         2d4       36%         1
 Mercury Vapours          Alch/Air       0%         N/A       50%         2
 Passwall                 Alch/Erth      0%         N/A       50%         2
 Mephitic Cloud           Conj/Alch/Air  0%         N/A       75%         3
 Stone Arrow              Conj/Erth      0%         3d7       75%         3
 Brom's Barrelling Bould  Conj/Erth      0%         2d3       98%         4
 Freezing Cloud           Conj/Ice/Air   0%         6-21      100%        5


Dungeon Overview and Level Annotations

Branches:
Dungeon (2/15)

Altars:
Uskayaw

Annotations:
D:2 Crazy Yiuf


Innate Abilities, Weirdness & Mutations

You are a tree.
Your roots penetrate the ground, keeping you stationary.
You cannot be teleported.
You are immune to unholy pain and torment.
Your maximum health is greatly increased.
Your equipment is partially melded.
((Your serpentine skin is tough. (AC +1)))
You have supernaturally acute eyesight. (SInv)
((Armour fits poorly on your strangely shaped body.))
((Your system is resistant to poisons. (rPois)))
((You cover ground very slowly.))
You can spit poison.
((You have a snake-like lower body.))


Message History

You punch the giant cockroach!
You kill the giant cockroach!
No target in view!
You see here a giant cockroach corpse.
You now have 49 gold pieces (gained 14).
A ball python comes into view.
Aiming: Spit Poison (2% risk of failure)
Press: ? - help, Shift-Dir - straight line, f - ball python
Aim: a ball python (wandering, hasn't noticed you, 54% to hit)
The splash of poison hits the ball python.
The ball python is poisoned.
You kill the ball python!
You have got your breath back.
You see here a ball python corpse.
Found a hammer.
Found a runed translucent door.
Crazy Yiuf shouts!
Crazy Yiuf whimpers, "Blight spinner koolooloo!"
As you open the door, it creaks loudly!
Aiming: Spit Poison (2% risk of failure)
Press: ? - help, Shift-Dir - straight line, f - Crazy Yiuf
Aim: Crazy Yiuf, wielding a +4 quarterstaff of chaos and wearing a +0 cloak (65% to hit)
The splash of poison hits Crazy Yiuf but does no damage.
Crazy Yiuf is poisoned.
Crazy Yiuf screams, "Goldfish poople toodlewoodle!"
Crazy Yiuf hits you with a +4 quarterstaff of chaos!
Crazy Yiuf freezes you.
* * * LOW HITPOINT WARNING * * *
Unknown command.
You closely miss Crazy Yiuf. Crazy Yiuf closely misses you.
You hit Crazy Yiuf.
Crazy Yiuf is moderately wounded.
Crazy Yiuf hits you with a +4 quarterstaff of chaos!
* * * LOW HITPOINT WARNING * * *
The acid corrodes you!
Your transformation has ended.
You turn into a tree.
Your +0 animal skin melds into your body.
Your roots penetrate the ground.
Crazy Yiuf hits you with a +4 quarterstaff of chaos!
You die...

##........########.
#..........##....).
#...............##.
##########..#.#.##.
#......##. ########
#....)....
##.#..#.### ###
#.........
##......#..##...#
#.........
#......####♣g...#
#.....(... #...#.##
###..)# #=####....
#.##### ###
#..###.... #..#
##...#.... ##.#
###.#.... #.# ###
#.##.## #.# #.# ..
#......
#.###.######..
#######
#...........#


You could see Crazy Yiuf (poisoned).

Vanquished Creatures
  A worm (D:2)
  2 dart slugs
  An orc (D:2)
  8 bats
  6 endoplasms
  2 giant cockroaches
  2 hobgoblins (D:1)
  3 jackals (D:2)
  3 quokkas (D:1)
  5 ball pythons
  7 goblins
  3 kobolds
43 creatures vanquished.

Notes
Turn   | Place    | Note
-------+----------+-------------------------------------------
     0 | D:1      | Morrissey the Naga Shapeshifter began the quest for the
                  | Orb.
     0 | D:1      | Reached XP level 1. HP: 18/18 MP: 1/1
   251 | D:1      | Reached skill level 1 in Stealth
   251 | D:1      | Reached XP level 2. HP: 25/25 MP: 2/2
   753 | D:1      | Reached XP level 3. HP: 22/31 MP: 3/3
  1450 | D:2      | Found a hide-covered altar of Uskayaw.
  1890 | D:2      | Found a runed translucent door.
  1891 | D:2      | Noticed Crazy Yiuf
  1899 | D:2      | Slain by Crazy Yiuf

Illustrated notes

Levels and vault maps discovered:
D:1:      grunt_arrival_lava_bath, layout_basic
D:2:      layout_basic, basic_altar, grunt_ministairs_6,
          nicolae_twisty_statue_hallways, uniq_crazy_yiuf_cottage

Skill      XL: |  1  2  3 |
---------------+----------+-----
Stealth        | 1 2 |  2.0
Dodging        | 2 |  2.0
Fighting       | |  1.7
Unarmed Combat | |  3.7
Shapeshifting  | |  3.2

Action                     || total
---------------------------++-------
  Melee: Unarmed           ||   109
         Punch             ||     2
Ability: Spit Poison       ||    12
    Use: Potion            ||     1
   Stab: Sleeping          ||     1
 Armour: Animal skin       ||    61
         Skin              ||     1
  Dodge: Dodged            ||    56
   Form: Beast             ||     1

Table legend: (Time is in decaauts)
 A = Elapsed time spent in this place.
 B = Non-inter-level travel time spent in this place.
 C = Inter-level travel time spent in this place.
 D = Time resting spent in this place.
 E = Time spent auto-exploring this place.
 F = Levels seen in this place.
 G = Mean time per level.
                   A        B        C        D        E       F      G
               +--------+--------+--------+--------+--------+-----+--------+
         Total |   2411 |   2393 |     18 |    249 |   1547 |   2 | 1205.5 |
       Dungeon |   2411 |   2393 |     18 |    249 |   1547 |   2 | 1205.5 |
               +--------+--------+--------+--------+--------+-----+--------+

Top non-repeatable levels by time:
     D:1: 1307 daAuts
     D:2: 1104 daAuts
